 Dungeon Crawl Stone Soup version 0.21.1-1-g345015f (webtiles) character file.

8227 diana the Carver (level 11, -2/60 HPs)
             Began as a Tengu Gladiator on June 9, 2018.
             Was an Initiate of Gozag.
             Slain by a meliai
             ... wielding a +0 war axe
              (5 damage)
             ... on level 10 of the Dungeon.
             The game lasted 00:23:43 (10802 turns).

diana the Carver (Tengu Gladiator)                 Turns: 10802, Time: 00:23:43

Health: -2/60      AC:  6    Str: 15    XL:     11   Next: 27%
Magic:  12/12      EV: 22    Int:  8    God:    Gozag
Gold:   34         SH:  0    Dex: 23    Spells: 10/10 levels left

rFire    . . .     SeeInvis +   A - +4 scimitar
rCold    . . .     Gourm    +   (no shield)
rNeg     + . .     Faith    .   e - +2 leather armour of Devotion {rN+ Dex+4}
rPois    +         Spirit   .   c - +0 hat
rElec    .         Reflect  .   (no cloak)
rCorr    +         Harm     .   F - +0 pair of gloves of the Buccaneer {rCorr SInv} (curse)
MR       .....                  (boots unavailable)
Stlth    ++........             i - amulet of the gourmand
HPRegen  0.20/turn              w - ring of resist corrosion
MPRegen  0.13/turn              (no ring)

@: gold aura
A: beak, talons 3, blink, poison resistance, able to fly 1
a: Fly, Blink, Potion Petition, Call Merchant, Bribe Branch, Renounce Religion


You were on level 10 of the Dungeon.
You worshipped Gozag.
Gozag was noncommittal.
You were very hungry.

You visited 2 branches of the dungeon, and saw 11 of its levels.

You collected 1555 gold pieces.
You spent 647 gold pieces at shops.
You paid 874 gold pieces to Gozag.

Inventory:

Hand Weapons
 A - a +4 scimitar (weapon)
Missiles
 d - 3 throwing nets (quivered)
Armour
 c - a +0 hat (worn)
 e - the +2 leather armour of Devotion (worn) {rN+ Dex+4}
   (You bought it in a shop on level 9 of the Dungeon)

   It affects your dexterity (+4).
   It protects you from negative energy.
 F - the cursed +0 pair of gloves of the Buccaneer (worn) {rCorr SInv}
   (You bought it in a shop on level 9 of the Dungeon)

   It lets you see invisible.
   It protects you from acid and corrosion.
   It has a curse placed upon it.
Magical Staves
 x - an uncursed staff of power
 D - an uncursed staff of summoning
Jewellery
 i - an amulet of the gourmand (around neck)
 w - a ring of resist corrosion (left hand)
Wands
 a - a wand of iceblast (1)
 y - a wand of flame (38)
 C - a wand of random effects (24)
Scrolls
 h - 3 scrolls of teleportation
 j - 4 scrolls of amnesia
 k - a scroll of fog {unknown}
 l - a scroll of fear {unknown}
 n - 3 scrolls of remove curse
 o - 3 scrolls of magic mapping {unknown}
 p - 2 scrolls of enchant weapon {unknown}
 r - 2 scrolls of immolation {unknown}
 t - a scroll of blinking {unknown}
Potions
 g - 2 potions of flight
 m - a potion of degeneration
 z - a potion of ambrosia
 B - a potion of haste
 E - a potion of magic
Comestibles
 f - 13 rations


   Skills:
 + Level 3.7 Fighting
 * Level 14.4 Long Blades
 - Level 2.0 Throwing
 + Level 2.0 Armour
 * Level 11.1 Dodging


You had 10 spell levels left.
You didn't know any spells.

Dungeon Overview and Level Annotations

Branches:
Dungeon (10/15)            Temple (1/1) D:4            Lair (0/6) D:8
    Orc: D:9-12

Altars:
Ashenzari
Cheibriados
Dithmenos
Elyvilon
Fedhas
Gozag
Hepliaklqana
Kikubaaqudgha
Makhleb
Nemelex Xobeh
Okawaru
Qazlal
Ru
Sif Muna
Trog
Uskayaw
Vehumet
Wu Jian
Xom
Yredelemnul
Zin
The Shining One

Shops:
D:5 }((   D:9 [

Annotations:
D:5 Ijyb
D:6 lcaldwell's ghost, novice MiBe


Innate Abilities, Weirdness & Mutations

You have a beak for a mouth.
You have claws for feet.
You can fly.
You can translocate small distances at will.
Your system is resistant to poisons. (rPois)


Message History

Something smites you!
You see here a large shield.
The meliai invokes the aid of its god against you.
Something smites you!
* * * LOW HITPOINT WARNING * * *
The meliai hits you but does no damage. The meliai completely misses you.
The bullfrog gives a loud, deep croak!
There is an open door here.
You feel better. The meliai completely misses you.
The meliai closely misses you.
The meliai calls down the wrath of its god upon you.
Something smites you!
* * * LOW HITPOINT WARNING * * *
There is an escape hatch in the ceiling here.
You feel better. The meliai completely misses you. x2
The meliai hits you but does no damage. The meliai stings you!
* * * LOW HITPOINT WARNING * * *
The meliai hits you with a war axe.
You die...
Your body crumbles into a pile of gold.

########
#......#
#..<...#
#......#
$#######......#
#.....'......#
+.#####.@y...#
###y#####
#.yF.F#
#########'###
#.....y...$.#
#...y.......#
#.F.........+
.............#
#............#


You could see 3 meliai and a bullfrog.

Vanquished Creatures
  2 two-headed ogres
  An unseen horror (D:10)
  Pikel (D:6)
  A troll (D:9)
  A hippogriff (D:8)
  Prince Ribbit (D:6)
  Sigmund (D:3)
  4 hogs (D:7)
  Grum (D:9)
  A human (D:7)
  A basilisk (D:8)
  A hungry ghost (D:7)
  The ghost of Iko the Ducker, an amateur MfGl of Nemelex Xobeh (D:7)
  A water moccasin (D:8)
  Duvessa (D:7)
  5 ice beasts
  3 orc warriors
  A black bear (D:7)
  2 necrophages
  2 sky beasts
  A phantom (D:6)
  2 centaurs
  2 ogres
  3 wolves (D:9)
  A crocodile (D:8)
  6 bullfrogs
  Dowan (D:7)
  A scorpion (D:9)
  3 killer bees (D:7)
  7 wights (D:8)
  4 crimson imps
  2 bullfrog zombies
  A quasit (D:7)
  A jelly (D:8)
  2 hounds
  6 orc wizards
  A centaur skeleton (D:7)
  2 orc priests
  Jessica (D:3)
  2 iguanas
  4 worker ants
  2 hound zombies
  A hound skeleton (D:8)
  A howler monkey zombie (D:8)
  2 worker ant zombies (D:7)
  9 adders
  An ooze (D:6)
  An adder zombie (D:8)
  2 adder skeletons
  3 worms
  7 dart slugs
  4 leopard geckos
  9 orcs
  5 bats
  9 giant cockroaches
  8 goblins
  7 hobgoblins
  14 jackals
  5 quokkas
  A ball python (D:6)
  2 frilled lizards
  11 kobolds
  A leopard gecko skeleton (D:4)
  A leopard gecko zombie (D:6)
  A quokka skeleton (D:4)
  A quokka zombie (D:9)
  7 rats
200 creatures vanquished.

Vanquished Creatures (others)
  3 slaves (D:6)
  A howler monkey (D:6)
  A ball python (D:6)
5 creatures vanquished.

Grand Total: 205 creatures vanquished

Notes
Turn   | Place    | Note
-------+----------+-------------------------------------------
     0 | D:1      | diana the Tengu Gladiator began the quest for the Orb.
     0 | D:1      | Reached XP level 1. HP: 12/12 MP: 2/2
    91 | D:1      | Reached XP level 2. HP: 12/17 MP: 3/3
   198 | D:1      | Reached skill level 4 in Long Blades
   322 | D:1      | Reached XP level 3. HP: 13/21 MP: 4/4
   997 | D:2      | Reached XP level 4. HP: 22/26 MP: 5/5
  1448 | D:2      | Reached skill level 5 in Long Blades
  1932 | D:3      | Noticed Jessica
  1937 | D:3      | Killed Jessica
  1937 | D:3      | Gained mutation: You can fly. [Tengu growth]
  1937 | D:3      | Reached XP level 5. HP: 30/30 MP: 6/6
  2130 | D:3      | Noticed Sigmund
  2138 | D:3      | Killed Sigmund
  2138 | D:3      | Reached skill level 6 in Long Blades
  2138 | D:3      | Reached skill level 5 in Dodging
  2138 | D:3      | Reached XP level 6. HP: 26/35 MP: 7/7
  3043 | D:4      | Found a staircase to the Ecumenical Temple.
  3047 | Temple   | Entered the Ecumenical Temple
  3093 | Temple   | Became a worshipper of Gozag Ym Sagoz the Greedy
  3201 | D:4      | Reached skill level 7 in Long Blades
  3572 | D:4      | Found a hazy altar of Hepliaklqana.
  3579 | D:4      | Found a blossoming altar of Fedhas.
  3586 | D:4      | Found a burning altar of Makhleb.
  3593 | D:4      | Found a white marble altar of Elyvilon.
  3600 | D:4      | Found a hide-covered altar of Uskayaw.
  3605 | D:4      | Found an iron altar of Okawaru.
  3616 | D:4      | Found a sacrificial altar of Ru.
  3684 | D:5      | Entered Level 5 of the Dungeon
  3743 | D:5      | Found a sacrificial altar of Ru.
  3784 | D:5      | Found an ancient bone altar of Kikubaaqudgha.
  3849 | D:5      | Found Ihacwefo's Gadget Shop.
  3892 | D:5      | Reached XP level 7. HP: 24/40 MP: 8/8
  4096 | D:5      | Noticed Ijyb
  4531 | D:5      | Found Laawy's Antique Weapon Emporium.
  4603 | D:5      | Found Bokeriud's Antique Weapon Emporium.
  4901 | D:6      | Noticed Pikel
  4925 | D:6      | Killed Pikel
  4925 | D:6      | Reached skill level 9 in Long Blades
  4925 | D:6      | Reached XP level 8. HP: 44/44 MP: 9/9
  5225 | D:6      | Noticed Prince Ribbit
  5235 | D:6      | Killed Prince Ribbit
  5652 | D:6      | Noticed lcaldwell's ghost (novice MiBe)
  5674 | D:7      | Reached skill level 10 in Long Blades
  5714 | D:7      | Reached XP level 9. HP: 49/49 MP: 10/10
  6229 | D:7      | Reached skill level 11 in Long Blades
  6254 | D:7      | HP: 2/50 [hog (2)]
  6520 | D:7      | Noticed Iko's ghost (amateur MfGl)
  6536 | D:7      | Killed Iko's ghost
  6544 | D:7      | HP: 1/50 [ice beast (5)]
  6918 | D:7      | Reached skill level 12 in Long Blades
  7356 | D:7      | Noticed Dowan
  7357 | D:7      | Reached XP level 10. HP: 56/56 MP: 11/11
  7358 | D:7      | Noticed Duvessa
  7379 | D:7      | Killed Duvessa
  7385 | D:7      | Killed Dowan
  7810 | D:8      | Found a staircase to the Lair.
  7810 | D:8      | Noticed an elephant
  8097 | D:8      | Reached skill level 13 in Long Blades
  8751 | D:8      | Reached skill level 10 in Dodging
  8930 | D:8      | Found an ornate altar of the Wu Jian Council.
  9293 | D:8      | Noticed a two-headed ogre
  9320 | D:8      | Killed a two-headed ogre
  9356 | D:8      | HP: 2/56 [orc warrior/halberd (22)]
  9586 | D:9      | Noticed a two-headed ogre
  9594 | D:9      | Killed a two-headed ogre
  9594 | D:9      | Reached skill level 14 in Long Blades
  9594 | D:9      | Reached XP level 11. HP: 45/60 MP: 12/12
  9721 | D:9      | Noticed Grum
  9726 | D:9      | Killed Grum
  9729 | D:9      | Reached skill level 1 in Armour
  9909 | D:9      | Bought the cursed +0 pair of gloves of the Buccaneer {rCorr SInv} for 237 gold pieces
  9915 | D:9      | Gained mutation: Your system is resistant to poisons. (rPois) [potion of mutation]
  9915 | D:9      | Gained mutation: You can translocate small distances at will. [potion of mutation]
 10723 | D:9      | Bought the +2 leather armour of Devotion {rN+ Dex+4} for 410 gold pieces
 10769 | D:10     | Entered Level 10 of the Dungeon
 10782 | D:10     | Noticed an unseen horror
 10795 | D:10     | Killed an unseen horror
 10801 | D:10     | HP: 3/60 [meliai/divine providence (12)]
 10802 | D:10     | Slain by a meliai

Skill      XL: |  1  2  3  4  5  6  7  8  9 10 11 |
---------------+----------------------------------+-----
Long Blades    | 4 5 6 7 9 10 12 14 | 14.4
Dodging        | 4 5 6 7 9 10 11 | 11.1
Fighting       | 3 |  3.7
Armour         | 2 |  2.0
Throwing       | |  2.0

Action                   |  1- 3 |  4- 6 |  7- 9 | 10-12 || total
-------------------------+-------+-------+-------+-------++-------
Melee: Long sword        |    70 |   106 |   187 |   139 ||   502
       Kick              |    24 |    46 |    69 |   109 ||   248
       Peck              |     8 |    16 |    39 |    65 ||   128
       Scimitar          |       |       |       |   110 ||   110
Throw: Throwing net      |       |       |     2 |       ||     2
Invok: Potion Petition   |       |       |       |     1 ||     1
       Call Merchant     |       |       |       |     1 ||     1
Evoke: Wand              |       |       |       |     6 ||     6
  Use: Potion            |       |     2 |    10 |     3 ||    15
       Scroll            |       |       |       |     7 ||     7
 Stab: Sleeping          |       |     3 |       |       ||     3
       Distracted        |       |       |       |     1 ||     1
  Eat: Chunk             |       |     7 |       |       ||     7
       Ration            |       |     1 |     3 |     3 ||     7
Armor: Leather armour    |    16 |    10 |    34 |    32 ||    92
       Skin              |       |       |    49 |       ||    49
       Scale mail        |       |       |       |    23 ||    23
Dodge: Dodged            |    71 |    70 |   115 |   163 ||   419
       Rpst.: Long sword |    18 |    27 |    40 |    27 ||   112
       Scimitar          |       |       |       |    20 ||    20
